 Dungeon Crawl Stone Soup version 0.28-a0-533-g9f97627e2a (webtiles) character file.

Game seed: 11021571194731228171

60 pokedragonboy the Covered (level 4, -1/29 HPs)
             Began as a Gargoyle Fighter on Sept 25, 2021.
             Slain by a gnoll (7 damage)
             ... on level 3 of the Dungeon.
             The game lasted 00:03:47 (1458 turns).

pokedragonboy the Covered (Gargoyle Fighter)        Turns: 1458, Time: 00:03:47

Health: -1/29      AC: 11    Str: 20    XL:     4   Next: 4%
Magic:  4/4        EV:  9    Int:  9    God:
Gold:   67         SH:  4    Dex:  9    Spells: 3/3 levels left

rFire   . . .      SeeInvis .   a - +1 flail
rCold   . . .      Faith    .   c - +0 buckler
rNeg    + . .      Spirit   .   b - +1 scale mail
rPois   ∞          Reflect  .   (no helmet)
rElec   +          Harm     .   (no cloak)
rCorr   .          Rampage  .   (no gloves)
Will    .....                   (no boots)
Stlth   ..........              (no amulet)
HPRegen 0.09/turn               (no ring)
MPRegen 0.09/turn               (no ring)

@: brilliant
A: sickness immunity, AC +3, negative energy resistance 1, electricity
resistance, torment resistance 1, petrification resistance
a: no special abilities


You were on level 3 of the Dungeon.
You visited 1 branch of the dungeon, and saw 3 of its levels.

You collected 67 gold pieces.

Inventory:

Hand Weapons
 a - a +1 flail (weapon)
Armour
 b - a +1 scale mail (worn)
 c - a +0 buckler (worn)
Scrolls
 e - a scroll of fog {unknown}
 g - a scroll of amnesia {unknown}
 h - 2 scrolls of enchant weapon
 i - a scroll of summoning {unknown}
 j - a scroll of enchant armour
 k - a scroll of vulnerability {unknown}
 m - 3 scrolls of identify
Potions
 d - a potion of might
 l - a potion of attraction


   Skills:
 + Level 3.7 Fighting
 * Level 3.0 Maces & Flails
 + Level 3.8 Armour
 + Level 3.7 Shields


You had 3 spell levels left.
You didn't know any spells.
Your spell library contained the following spells:

 Spells                   Type           Power      Damage    Failure   Level
 Animate Skeleton         Necr           0%         N/A       75%         1
 Apportation              Tloc           0%         N/A       75%         1
 Magic Dart               Conj           0%         1d3       75%         1
 Summon Small Mammal      Summ           0%         N/A       75%         1
 Call Imp                 Summ           0%         N/A       87%         2
 Slow                     Hex            0%         N/A       87%         2
 Confusing Touch          Hex            0%         N/A       98%         3
 Mephitic Cloud           Conj/Pois/Air  0%         N/A       98%         3
 Yara's Violent Unravell  Hex/Tmut       0%         3d3       100%        5


Dungeon Overview and Level Annotations

Branches:
Dungeon (3/15)

Altars:

Annotations:
D:3 Grinder, Sigmund


Innate Abilities, Weirdness & Mutations

You are immune to sickness and miasma.
Your stone body is resilient. (AC +3)
You are immune to poison.
You resist negative energy. (rN+)
You are resistant to electric shocks. (rElec)
You are resistant to unholy torment.
You are immune to petrification.


Message History

Sigmund says, "I'm your fate."
The iguana hisses menacingly.
You block the bat's attack. The gnoll hits you with a +0 club.
* * * LOW HITPOINT WARNING * * *
Unknown command.
Really walk into that dispersal trap?
You enter a dispersal trap!
The gnoll blinks! x2; The bat blinks!
The endoplasm blinks!
The bat blinks!
The endoplasm blinks!
The ball python blinks!
The iguana blinks!
Sigmund blinks!
You blink.
It was a potion of brilliance.
You feel clever all of a sudden.
As you read the scroll labelled USYMAO ITUSM, it crumbles to dust.
It is a scroll of enchant armour.
Your +0 scale mail glows green for a moment.
The bat hits you but does no damage. The bat barely misses you.
The bat hits you but does no damage.
As you read the scroll labelled PIULYTWIVAN, it crumbles to dust.
You feel aware of your surroundings.
It was a scroll of magic mapping.
You block the bat's attack.
The endoplasm jiggles.
The bat barely misses you. The bat hits you but does no damage.
The bat hits you but does no damage. The bat closely misses you.
Grinder says, "Just stop there for a second..."
The bat hits you but does no damage. The bat hits you but does no damage.
A frilled lizard comes into view.
The bat closely misses you.
The frilled lizard hisses angrily.
A gnoll comes into view. It is wielding a +0 spear.
Found a stone staircase leading up.
The gnoll shouts!
The bat barely misses you. You block the bat's attack.
The bat barely misses you. The gnoll barely misses you.
The bat hits you but does no damage. The gnoll hits you but does no damage.
You block the bat's attack. x2; The gnoll closely misses you.
The bat closely misses you. The gnoll hits you with a +0 spear!
You die...

****,,,,,,,#####....###..#.#,#,*,
,,,,,,,*,*,..............#.#.#.*,
,,,*,*,,,,,....................,,
,*,,,,,,,,,,..................#*,
,*,,,*,,,,,****#....###.#.....##.
,,,,,,,,,,,* #...lJ...#.......,
**,,***,**** #...####.#.....#**
*,,,,,,* #bg.##.........#
**,***** *#@#.##.#.##..#.# *,*
###*#.###.#J#.##..#.# ***,*
**###..<.g.#.##.#.......### ,,,,*
*,,....###..#*#g####....... *****
*,**#..###.#* #.####....##.
*,###..#^..####g.....##....
*,#...§.J.....#S#.##.#**##.
*,#.#§.......l.###.#.#****,
**.#.##.§.#.##.#.#.##..,,,,,


You could see 2 gnolls, an endoplasm, a bat and a frilled lizard.

Vanquished Creatures
  2 gnolls
  An adder (D:2)
  A dart slug (D:2)
  4 endoplasms (D:1)
  3 hobgoblins (D:1)
  A quokka (D:1)
  5 ball pythons
  5 bats (D:1)
  4 frilled lizards
  5 kobolds
  3 rats (D:1)
34 creatures vanquished.

Notes
Turn   | Place    | Note
-------+----------+-------------------------------------------
     0 | D:1      | pokedragonboy the Gargoyle Fighter began the quest for the
                  | Orb.
     0 | D:1      | Reached XP level 1. HP: 14/14 MP: 1/1
   155 | D:1      | Reached XP level 2. HP: 19/19 MP: 2/2
   398 | D:1      | Reached XP level 3. HP: 16/23 MP: 3/3
   981 | D:3      | Reached XP level 4. HP: 5/29 MP: 4/4
  1328 | D:3      | Noticed Sigmund
  1418 | D:3      | Noticed Grinder
  1458 | D:3      | Slain by a gnoll

Illustrated notes

Levels and vault maps discovered:
D:1:      dpeg_arrival_rooms_b, layout_loops_ring
D:2:      layout_loops_ring, basic_altar,
          hellmonk_ecumenical_altar_watching_god, serial_shops, shop_statue
D:3:      layout_loops_cross, st_stairs_13, uniq_sigmund, uniq_grinder

Skill      XL: |  1  2  3 |
---------------+----------+-----
Maces & Flails | 3 |  3.0
Fighting       | |  3.7
Armour         | |  3.8
Shields        | |  3.7

Action                   |  1- 3 |  4- 6 || total
-------------------------+-------+-------++-------
Melee: Flail             |    75 |     5 ||    80
  Use: Scroll            |     2 |     2 ||     4
       Potion            |       |     1 ||     1
Armor: Scale mail        |    46 |    34 ||    80
Dodge: Dodged            |    32 |    34 ||    66
Block: Buckler           |    15 |    16 ||    31

Table legend: (Time is in decaauts)
 A = Elapsed time spent in this place.
 B = Non-inter-level travel time spent in this place.
 C = Inter-level travel time spent in this place.
 D = Time resting spent in this place.
 E = Time spent auto-exploring this place.
 F = Levels seen in this place.
 G = Mean time per level.
                   A        B        C        D        E       F      G
               +--------+--------+--------+--------+--------+-----+--------+
         Total |   1480 |   1461 |     19 |    415 |    646 |   3 |  493.3 |
       Dungeon |   1480 |   1461 |     19 |    415 |    646 |   3 |  493.3 |
               +--------+--------+--------+--------+--------+-----+--------+

Top non-repeatable levels by time:
     D:1: 856 daAuts
     D:3: 485 daAuts
     D:2: 139 daAuts
